 Dungeon Crawl Stone Soup version 0.30.1-11-g7821555f0a (webtiles) character file.

Game seed: 6745626157134520112

107 BoomerKuwanger the Cudgeller (level 4, 0/41 HPs)
             Began as a Minotaur Berserker on Dec 11, 2023.
             Was a Believer of Trog.
             Killed by divine providence
             ... invoked by an orc priest
              (13 damage)
             ... on level 2 of the Dungeon.
             The game lasted 00:06:34 (1326 turns).

BoomerKuwanger the Cudgeller (Minotaur Berserker)   Turns: 1326, Time: 00:06:35

Health: 0/41       AC:  6    Str: 30    XL:     4   Next: 57%
Magic:  3/3        EV: 11    Int:  1    God:    Trog [**....]
Gold:   110        SH:  0    Dex: 12    Spells: 3/3 levels left

rFire   . . .        a - +0 mace
rCold   . . .        (no shield)
rNeg    . . .        j - +0 scale mail
rPois   .            (helmet restricted)
rElec   .            (no cloak)
rCorr   .            (no gloves)
SInv    .            (no boots)
Will    .....        (no amulet) Stlth
                     (no ring)
HPRegen 0.26/turn    (no ring)
MPRegen 0.08/turn

%: no passive effects
@: confused
A: horns 2, retaliatory headbutt, agile 1, strong 2
a: Renounce Religion, Berserk, Trog's Hand


You were on level 2 of the Dungeon.
You worshipped Trog.
Trog was pleased with you.
You visited 1 branch of the dungeon, and saw 2 of its levels.

You collected 110 gold pieces.

Inventory:

Hand Weapons
 a - a +0 mace (weapon)
Missiles
 b - 5 boomerangs (quivered)
Armour
 g - a +0 ring mail
 j - a +0 scale mail (worn)
 l - a +0 chain mail of fire resistance
Jewellery
 d - a ring of flight
 m - a +4 ring of protection
 n - a ring of fire
Wands
 e - a wand of mindburst (15)
 h - a wand of light (12)
Scrolls
 c - 2 scrolls of teleportation
 i - 3 scrolls of identify {unknown}
 k - 2 scrolls of enchant armour {unknown}
Potions
 f - a potion of degeneration {unknown}


   Skills:
 + Level 4.3 Fighting
 + Level 5.1 Maces & Flails
 * Level 3.0 Armour
 * Level 3.1 Dodging
 - Level 0.3 Stealth


You had 3 spell levels left.
You didn't know any spells.
Your spell library was empty.

Dungeon Overview and Level Annotations

Branches:
Dungeon (2/15)

Altars:

Annotations:
D:2 Natasha


Innate Abilities, Weirdness & Mutations

You have a pair of horns on your head.
You reflexively headbutt those who attack you in melee.
You are agile. (Dex +4, Str/Int -1)
Your muscles are very strong. (Str +8, Int/Dex -2)


Message History

Things that are here:
15 gold pieces; the felid corpse of Natasha You now have 110 gold pieces (gained 15).
An orc comes into view. It is wielding a +0 hand axe.
An orc priest comes into view. It is wielding a +0 short sword.
You see here a +0 mace.
You see here a +0 mace.
You closely miss the orc. Your headbutt misses the orc.
The orc hits you but does no damage.
You sock the orc!
You kill the orc!
Trog accepts your kill.
Things that are here:
a +0 mace; a +0 ring mail
Things that are here:
a +0 mace; a +0 ring mail You see here a +0 mace.
The orc shouts!
The orc hits you with a +0 hand axe.
You barely miss the orc. The orc misses you.
You sock the orc!
You kill the orc!
Trog accepts your kill.
Natasha, Servant of Life and Death comes into view.
She is carrying a wand of light (9).
Natasha hisses angrily.
You hear a shout!
You see here a +0 mace.
The orc priest miscasts a cantrip.
Natasha zaps a wand.
The bolt of light hits you!
Things that are here:
a +0 mace; a +0 ring mail You see here a +0 mace.
Natasha zaps a wand.
The bolt of light hits you!
Natasha zaps a wand.
The bolt of light misses you.
You see here a +0 hand axe.
Natasha zaps a wand.
The bolt of light hits you!
You are confused.
* * * LOW HITPOINT WARNING * * *
The orc priest mumbles some strange prayers to Beogh against you.
Beogh smites you!
You die...

#.##....###..)...<...#..####.#
#. #.###.#.###).........# #. #.
#. ###.## #h#o###.#..# #.# #. o$
...# #.#.###.#..# #.###. .o
..o..# #h#.##).#..####.....
###.###..####)#.##.##...[(....#.
# #.........##.##...###...#.
#.##......##.##...# #...#. #.
#.#...@........# #...#.
#.##..........#.#.###...#.
#....รท######..#.........#.
####.## #..##.......... #.#
#..##..####..#. ###.####
#......# #..#.
P.#......####.####.####..#
................####.......#.
#.......##.####..............


You could see an orc priest and Natasha.

Vanquished Creatures
  Natasha (D:2)
  Terence (D:2)
  An adder (D:2)
  A worm (D:2)
  A dart slug (D:1)
  2 orcs (D:2)
  7 endoplasms
  3 giant cockroaches (D:1)
  A hobgoblin (D:1)
  3 jackals (D:1)
  3 kobolds (D:1)
  4 quokkas (D:1)
  6 ball pythons
  3 bats
  4 frilled lizards
  3 rats
44 creatures vanquished.

Notes
Turn   | Place    | Note
-------+----------+-------------------------------------------
     0 | D:1      | BoomerKuwanger the Minotaur Berserker began the quest for
                  | the Orb.
     0 | D:1      | Reached XP level 1. HP: 19/19 MP: 0/0
   188 | D:1      | Reached XP level 2. HP: 23/27 MP: 1/1
   320 | D:1      | Reached skill level 4 in Maces & Flails
   543 | D:1      | Reached ** piety under Trog
   561 | D:1      | Reached XP level 3. HP: 33/33 MP: 2/2
   994 | D:1      | Gained mutation: Your muscles are strong. (Str +4, Int/Dex
                  | -1) [potion of mutation]
   994 | D:1      | Gained mutation: Your muscles are very strong. (Str +8,
                  | Int/Dex -2) [potion of mutation]
   994 | D:1      | Gained mutation: You are agile. (Dex +4, Str/Int -1)
                  | [potion of mutation]
  1019 | D:2      | Noticed Terence
  1029 | D:2      | Killed Terence
  1058 | D:2      | Reached XP level 4. HP: 40/40 MP: 3/3
  1286 | D:2      | Noticed Natasha
  1290 | D:2      | Killed Natasha
  1291 | D:2      | Reached skill level 5 in Maces & Flails
  1316 | D:2      | Noticed Natasha
  1326 | D:2      | Killed from afar by an orc priest

Illustrated notes

Levels and vault maps discovered:
D:1:      minmay_arrival_open_corners, layout_basic
D:2:      layout_loops_ring, shapermc_ecumenical_altar_mp_ritualfount,
          uniq_crazy_yiuf_cottage, uniq_terence, uniq_natasha, uniq_robin

Skill      XL: |  1  2  3  4 |
---------------+-------------+-----
Fighting       | 4 |  4.3
Maces & Flails | 4 5 |  5.1
Dodging        | 3 |  3.1
Armour         | 3 |  3.0
Stealth        | |  0.3

Action                     |  1- 3 |  4- 6 || total
---------------------------+-------+-------++-------
  Melee: Mace              |    75 |    15 ||    90
         Headbutt          |     7 |     1 ||     8
         Punch             |     1 |       ||     1
    Use: Potion            |     3 |       ||     3
         Scroll            |     2 |       ||     2
   Stab: Sleeping          |     2 |       ||     2
 Armour: Animal skin       |     9 |       ||     9
         Ring mail         |     2 |       ||     2
         Scale mail        |     8 |     3 ||    11
  Dodge: Dodged            |    50 |     3 ||    53
